[Event "ESP-chT 2nd Division 2019"]
[Site "Linares"]
[Date "2019.08.20"]
[Round "3.15"]
[White "Ortega Sanchis, Angela"]
[Black "Roque Sola, Gisela"]
[Result "0-1"]
[ECO "C11"]
[WhiteElo "1675"]
[BlackElo "2048"]
[Annotator "NA"]
[PlyCount "60"]
[EventDate "2019.08.19"]
[EventType "team-tourn"]
[EventCountry "ESP"]
[SourceTitle "playchess.com"]
[Source "ChessBase"]
[SourceQuality "1"]
[TimeControl "5400+30"]

1. e4 e6 2. d4 d5 3. Nc3 Nf6 4. e5 Nfd7 5. f4 c5 6. Nf3 Nc6 7. Be3 Be7 8. Be2 a6 9. Qd2 b5 10. a3 O-O 11. O-O Qb6 12. Nd1 cxd4 13. Nxd4 Nxd4 14. Bxd4 Qxd4+ 15. Qxd4 Bc5 16. Qxc5 Nxc5 17. Ne3 Bd7 18. Rad1 Rac8 19. b3 Ne4 20. Bf3 Nc3 21. Rd4 Kh8 22. Rd2 Rfd8 23. Bg4 f6 24. f5 exf5 25. Bxf5 fxe5 26. Bxd7 Rxd7 27. Rf5 Re8 28. Rd3 d4 29. Nd1 e4 30. Rd2 e3 0-1

[Event "ESP-chT 2nd Division 2019"]
[Site "Linares"]
[Date "2019.08.20"]
[Round "3.16"]
[White "Suarez Gomez, Julio"]
[Black "Fernandez Barrera, Victor"]
[Result "1-0"]
[ECO "C05"]
[WhiteElo "2433"]
[BlackElo "2301"]
[Annotator "NA"]
[PlyCount "57"]
[EventDate "2019.08.19"]
[EventType "team-tourn"]
[EventCountry "ESP"]
[SourceTitle "playchess.com"]
[Source "ChessBase"]
[SourceQuality "1"]
[TimeControl "5400+30"]

1. e4 e6 2. d4 d5 3. Nd2 Nf6 4. e5 Nfd7 5. c3 c5 6. f4 Nc6 7. Ndf3 cxd4 8. cxd4 Bb4+ 9. Kf2 Qb6 10. g3 g5 11. fxg5 Ndxe5 12. Nxe5 Nxe5 13. Kg2 Nc6 14. Nf3 Bd6 15. Rb1 Bd7 16. b4 O-O-O 17. b5 Ne7 18. Bd2 Kb8 19. Qa4 Bc7 20. Bd3 Rc8 21. Rhc1 Ng6 22. Rc6 bxc6 23. bxc6 Be8 24. Bxg6 hxg6 25. Rxb6+ Bxb6 26. Ne5 Ka8 27. Bf4 Rg8 28. h4 Rh8 29. Qb5 1-0

[Event "ESP-chT 2nd Division 2019"]
[Site "Linares"]
[Date "2019.08.20"]
[Round "3.17"]
[White "Buendia Pinar, Alvaro"]
[Black "Reinaldo Castineira, Roi"]
[Result "0-1"]
[ECO "A40"]
[WhiteElo "2277"]
[BlackElo "2467"]
[Annotator "ChessBase"]
[PlyCount "68"]
[EventDate "2019.08.19"]
[EventType "team-tourn"]
[EventCountry "ESP"]
[SourceTitle "playchess.com"]
[Source "ChessBase"]
[SourceQuality "1"]
[TimeControl "5400+30"]

1. d4 e6 2. c4 c5 3. d5 exd5 4. cxd5 d6 5. Nc3 g6 6. Nf3 a6 7. Bf4 b5 8. a4 b4 9. Ne4 Nf6 10. Nfd2 Nxe4 11. Nxe4 Be7 12. Bh6 f5 13. Nd2 Bf6 14. Nc4 a5 15. Qd2 Ba6 16. Qe3+ Qe7 17. Nxd6+ Kd7 18. Qxe7+ Kxe7 19. Bf4 Bxb2 20. Rb1 Bc3+ 21. Kd1 Rd8 22. Bg5+ Bf6 23. Bxf6+ Kxf6 24. Nb5 Bxb5 25. axb5 Rxd5+ 26. Kc2 c4 27. e3 Rxb5 28. Bxc4 Rc5 29. Kb3 Nc6 30. Rhc1 a4+ 31. Ka2 Rd8 32. Bb5 Rd2+ 33. Rb2 Rxb2+ 34. Kxb2 a3+ 0-1

[Event "ESP-chT 2nd Division 2019"]
[Site "Linares"]
[Date "2019.08.20"]
[Round "3.18"]
[White "Laiz Ibanez, Hector"]
[Black "Jimenez Martinez, Jose Vicente"]
[Result "1/2-1/2"]
[ECO "A04"]
[WhiteElo "2274"]
[BlackElo "2264"]
[Annotator "NA"]
[PlyCount "65"]
[EventDate "2019.08.19"]
[EventType "team-tourn"]
[EventCountry "ESP"]
[SourceTitle "playchess.com"]
[Source "ChessBase"]
[SourceQuality "1"]
[TimeControl "5400+30"]

1. Nf3 g6 2. g3 Bg7 3. d4 d6 4. Bg2 Nf6 5. b3 b5 6. Bb2 Bb7 7. Nbd2 O-O 8. c4 b4 9. Qc2 c5 10. d5 e5 11. dxe6 fxe6 12. O-O Qe7 13. Rad1 Nbd7 14. Nh4 Bxg2 15. Nxg2 d5 16. cxd5 exd5 17. Nf3 Rac8 18. Nf4 Qd6 19. Qd3 d4 20. Qc4+ Kh8 21. Qe6 Qxe6 22. Nxe6 Rfe8 23. Nxg7 Rxe2 24. Bxd4 cxd4 25. Nxd4 Rxa2 26. Nge6 Ne4 27. Ra1 Nc3 28. Rfc1 Nb6 29. Rxa2 Nxa2 30. Rxc8+ Nxc8 31. Nc6 Kg8 32. Kf1 Kf7 33. Ned4 1/2-1/2

[Event "ESP-chT 2nd Division 2019"]
[Site "Linares"]
[Date "2019.08.20"]
[Round "3.19"]
[White "Alvarez Serrano, Carlos"]
[Black "Abal Cores, Lucas"]
[Result "1/2-1/2"]
[ECO "A80"]
[WhiteElo "2244"]
[BlackElo "2290"]
[Annotator "NA"]
[PlyCount "76"]
[EventDate "2019.08.19"]
[EventType "team-tourn"]
[EventCountry "ESP"]
[SourceTitle "playchess.com"]
[Source "ChessBase"]
[SourceQuality "1"]
[TimeControl "5400+30"]

1. d4 f5 2. Nf3 Nf6 3. g3 g6 4. Bg2 Bg7 5. O-O O-O 6. Nc3 d5 7. Bf4 c6 8. Qc1 Re8 9. Nd1 Nbd7 10. c4 e6 11. b3 Ne4 12. Nb2 g5 13. Be5 Nxe5 14. Nxe5 dxc4 15. Nbxc4 h6 16. Bxe4 fxe4 17. Qe3 Qd5 18. Qc3 c5 19. e3 b5 20. Na5 Ba6 21. b4 Rac8 22. Qb2 c4 23. Rac1 Red8 24. Rfd1 Bxe5 25. dxe5 Qxd1+ 26. Rxd1 Rxd1+ 27. Kg2 c3 28. Qc2 Rd3 29. Nb3 Rc4 30. Nc5 Rd2 31. Qc1 Bc8 32. a3 Kg7 33. h4 Rd5 34. hxg5 Rxe5 35. gxh6+ Kxh6 36. g4 Rg5 37. Qh1+ Kg6 38. Qh8 Rgxc5 1/2-1/2

[Event "ESP-chT 2nd Division 2019"]
[Site "Linares"]
[Date "2019.08.20"]
[Round "3.20"]
[White "Dorado Meijide, Andrea"]
[Black "Jimenez Fernandez, Rebeca"]
[Result "0-1"]
[ECO "B38"]
[WhiteElo "1762"]
[BlackElo "1928"]
[Annotator "NA"]
[PlyCount "66"]
[EventDate "2019.08.19"]
[EventType "team-tourn"]
[EventCountry "ESP"]
[SourceTitle "playchess.com"]
[Source "ChessBase"]
[SourceQuality "1"]
[TimeControl "5400+30"]

1. e4 c5 2. Nf3 Nc6 3. d4 cxd4 4. Nxd4 g6 5. c4 Bg7 6. Be3 d6 7. Nc3 Nf6 8. Be2 Bd7 9. h3 O-O 10. O-O Nxd4 11. Bxd4 Bc6 12. Qc2 a5 13. Rad1 Nd7 14. Bxg7 Kxg7 15. Bg4 Ne5 16. c5 Nxg4 17. hxg4 Bd7 18. cxd6 Bxg4 19. f3 Be6 20. dxe7 Qxe7 21. Nd5 Bxd5 22. Qc3+ Kg8 23. Rxd5 Rfc8 24. Qd2 Rc5 25. Rd7 Qf6 26. Rxb7 Rd8 27. Qe3 Rc2 28. Rb6 Qh4 29. f4 Rdd2 30. Qf3 Rxg2+ 31. Qxg2 Rxg2+ 32. Kxg2 Qg4+ 33. Kh2 Qe2+ 0-1

[Event "ESP-chT 2nd Division 2019"]
[Site "Linares"]
[Date "2019.08.20"]
[Round "3.21"]
[White "Gamundi Salamanca, Antonio"]
[Black "Diaz Camallonga, Carles"]
[Result "1/2-1/2"]
[ECO "A40"]
[WhiteElo "2444"]
[BlackElo "2436"]
[Annotator "NA"]
[PlyCount "66"]
[EventDate "2019.08.19"]
[EventType "team-tourn"]
[EventCountry "ESP"]
[SourceTitle "playchess.com"]
[Source "ChessBase"]
[SourceQuality "1"]
[TimeControl "5400+30"]

1. d4 e6 2. Bf4 Nf6 3. e3 d5 4. Nd2 c5 5. c3 Nc6 6. Ngf3 Bd6 7. dxc5 Bxc5 8. Bd3 h6 9. h3 Bd6 10. Bxd6 Qxd6 11. e4 O-O 12. Qe2 Nd7 13. O-O b6 14. Rfe1 Nde5 15. exd5 Nxd3 16. Qxd3 Rd8 17. Rad1 Qxd5 18. Qxd5 Rxd5 19. Ne4 Ne7 20. Nd6 Ba6 21. Rxd5 Nxd5 22. Ne5 f6 23. Nc6 e5 24. c4 Nf4 25. b4 Kf8 26. Re3 Bc8 27. Ra3 a6 28. Nxc8 Rxc8 29. b5 axb5 30. cxb5 Ne2+ 31. Kf1 Nd4 32. Nxd4 exd4 33. Ra6 Rc2 1/2-1/2

[Event "ESP-chT 2nd Division 2019"]
[Site "Linares"]
[Date "2019.08.20"]
[Round "3.22"]
[White "Perpinya Rofes, Lluis Maria"]
[Black "Perez Garcia, Alejandro"]
[Result "1/2-1/2"]
[ECO "B19"]
[WhiteElo "2319"]
[BlackElo "2347"]
[Annotator "NA"]
[PlyCount "65"]
[EventDate "2019.08.19"]
[EventType "team-tourn"]
[EventCountry "ESP"]
[SourceTitle "playchess.com"]
[Source "ChessBase"]
[SourceQuality "1"]
[TimeControl "5400+30"]

1. e4 c6 2. d4 d5 3. Nc3 dxe4 4. Nxe4 Bf5 5. Ng3 Bg6 6. h4 h6 7. Nf3 Nd7 8. h5 Bh7 9. Bd3 Bxd3 10. Qxd3 e6 11. Bd2 Ngf6 12. O-O-O Be7 13. Ne4 Nxe4 14. Qxe4 Nf6 15. Qe2 Qd5 16. c4 Qe4 17. Qxe4 Nxe4 18. Be3 O-O 19. Ne5 Rac8 20. g4 Rfd8 21. f3 Nf6 22. Kc2 b5 23. b3 Nd7 24. a4 bxa4 25. bxa4 c5 26. Nxd7 Rxd7 27. d5 Rb8 28. dxe6 Rdb7 29. exf7+ Kxf7 30. Rb1 Rb4 31. Rxb4 Rxb4 32. Kd3 Ke8 33. Ke4 1/2-1/2

[Event "ESP-chT 2nd Division 2019"]
[Site "Linares"]
[Date "2019.08.20"]
[Round "3.23"]
[White "Gavilan Diaz, Mario"]
[Black "Campos Cayuelas, Adria"]
[Result "0-1"]
[ECO "C11"]
[WhiteElo "2318"]
[BlackElo "2157"]
[Annotator "NA"]
[PlyCount "78"]
[EventDate "2019.08.19"]
[EventType "team-tourn"]
[EventCountry "ESP"]
[SourceTitle "playchess.com"]
[Source "ChessBase"]
[SourceQuality "1"]
[TimeControl "5400+30"]

1. e4 e6 2. d4 d5 3. Nc3 Nf6 4. e5 Nfd7 5. f4 c5 6. Nf3 Nc6 7. Be3 a6 8. Qd2 b5 9. dxc5 Bxc5 10. Bd3 Qb6 11. Bf2 Bxf2+ 12. Qxf2 Bb7 13. Qxb6 Nxb6 14. a4 b4 15. Ne2 a5 16. Bb5 Ke7 17. Bxc6 Bxc6 18. b3 Nd7 19. Ned4 Rhc8 20. O-O g6 21. g4 Nc5 22. Nd2 Ne4 23. N2f3 Bb7 24. Ng5 h6 25. Nxe4 dxe4 26. Rf2 Rc5 27. Re1 Rac8 28. Nb5 Bd5 29. Nd4 Rc3 30. Rfe2 Ba8 31. Re3 Rxe3 32. Rxe3 Rd8 33. Nb5 Rd2 34. c3 bxc3 35. Rxc3 Bd5 36. Nd6 Rd3 37. Rc7+ Kd8 38. Ra7 e3 39. Kf1 Bf3 0-1

[Event "ESP-chT 2nd Division 2019"]
[Site "Linares"]
[Date "2019.08.20"]
[Round "3.24"]
[White "Fernandez Aguilar, Francisco"]
[Black "Perera Borrego, Maria Adela"]
[Result "0-1"]
[ECO "A05"]
[WhiteElo "2064"]
[BlackElo "2186"]
[Annotator "NA"]
[PlyCount "126"]
[EventDate "2019.08.19"]
[EventType "team-tourn"]
[EventCountry "ESP"]
[SourceTitle "playchess.com"]
[Source "ChessBase"]
[SourceQuality "1"]
[TimeControl "5400+30"]

1. Nf3 Nf6 2. g3 b6 3. Bg2 Bb7 4. O-O d5 5. d4 c5 6. c4 e6 7. cxd5 exd5 8. Nc3 Nc6 9. Bg5 c4 10. Bxf6 gxf6 11. Nh4 Ne7 12. e3 Qd7 13. Qf3 Bg7 14. b3 b5 15. bxc4 bxc4 16. Bh1 Rd8 17. Rab1 Bc6 18. Ng2 Ng6 19. h4 f5 20. Nf4 Nxf4 21. Qxf4 O-O 22. Bg2 Qe6 23. Bh3 Bd7 24. Qf3 Bc8 25. Bg2 Qa6 26. Nxd5 Qd6 27. Rfc1 Be6 28. Nf4 Rc8 29. Bf1 c3 30. Rc2 Rc7 31. Rbc1 Rfc8 32. Nd3 f4 33. Qxf4 Qxf4 34. Nxf4 Bf5 35. Bd3 Bxd3 36. Nxd3 Bf8 37. Nf4 Ba3 38. Rb1 Rc4 39. Rb3 Bd6 40. Nd5 Ra4 41. Rbxc3 Rxc3 42. Nxc3 Rc4 43. Kf1 Bb4 44. Nd5 Rxc2 45. Nxb4 Rb2 46. a3 Rb3 47. d5 Kf8 48. e4 Rxa3 49. Ke2 f6 50. d6 Kf7 51. d7 Ke7 52. Nd5+ Kxd7 53. Nxf6+ Ke6 54. Nxh7 a5 55. f4 Rxg3 56. Ng5+ Ke7 57. e5 a4 58. f5 a3 59. f6+ Ke8 60. e6 Rxg5 61. hxg5 a2 62. g6 a1=Q 63. g7 Qe5+ 0-1

[Event "ESP-chT 2nd Division 2019"]
[Site "Linares"]
[Date "2019.08.20"]
[Round "3.25"]
[White "Terron Elena, Francisco M."]
[Black "Lopez Atay, Diana Ruth"]
[Result "1-0"]
[ECO "A40"]
[WhiteElo "2167"]
[BlackElo "1920"]
[Annotator "NA"]
[PlyCount "63"]
[EventDate "2019.08.19"]
[EventType "team-tourn"]
[EventCountry "ESP"]
[SourceTitle "playchess.com"]
[Source "ChessBase"]
[SourceQuality "1"]
[TimeControl "5400+30"]

1. d4 e6 2. Nf3 b6 3. e4 Bb7 4. Bd3 d6 5. c4 Nd7 6. Nc3 Ngf6 7. O-O Be7 8. Re1 e5 9. b3 O-O 10. Bb2 Re8 11. Qc2 Bf8 12. Bf1 exd4 13. Nxd4 Nc5 14. f3 Nh5 15. Rad1 Ne6 16. Nd5 Nxd4 17. Bxd4 Re6 18. g4 c6 19. Ne3 Nf4 20. Bb2 h5 21. Nf5 hxg4 22. fxg4 g6 23. Qc3 f6 24. Qg3 g5 25. e5 fxe5 26. Bxe5 Qe8 27. Bxd6 Ne2+ 28. Bxe2 Rxe2 29. Bxf8 Kxf8 30. Rxe2 Qxe2 31. Re1 Qd2 32. Qe5 1-0

[Event "ESP-chT 2nd Division 2019"]
[Site "Linares"]
[Date "2019.08.20"]
[Round "3.26"]
[White "Lopez Mulet, Inigo"]
[Black "Rios, Cristhian Camilo"]
[Result "1-0"]
[ECO "E04"]
[WhiteElo "2397"]
[BlackElo "2530"]
[Annotator "ChessBase"]
[PlyCount "127"]
[EventDate "2019.08.19"]
[EventType "team-tourn"]
[EventCountry "ESP"]
[SourceTitle "playchess.com"]
[Source "ChessBase"]
[SourceQuality "1"]
[TimeControl "5400+30"]

1. d4 Nf6 2. c4 e6 3. g3 d5 4. Nf3 dxc4 5. Bg2 a6 6. O-O Nc6 7. e3 Bd7 8. Qe2 b5 9. b3 cxb3 10. axb3 Bb4 11. Bb2 O-O 12. Rc1 Nd5 13. Ne1 a5 14. Nd3 Be7 15. Nc5 Ncb4 16. Nd2 Bc6 17. Nf3 Nf6 18. Nd3 Bd5 19. Nxb4 Bxb4 20. Qxb5 Bxb3 21. Ne5 Rb8 22. Qd3 Bd5 23. Nc6 Bxc6 24. Bxc6 Nd5 25. Qc2 Ne7 26. Be4 f5 27. Bf3 c6 28. Bxc6 Nxc6 29. Qxc6 Rb6 30. Qc4 Qd6 31. Bc3 Rfb8 32. h4 Ba3 33. Bxa5 Bxc1 34. Bxb6 Qxb6 35. Rxc1 Kf7 36. d5 Rb7 37. Qc8 Re7 38. Kh2 Qd6 39. Rc5 Rd7 40. dxe6+ Qxe6 41. Rc6 Qd5 42. Rc5 Qe6 43. Qh8 Kg6 44. Qf8 Rf7 45. Qd8 h6 46. Qa8 Rf6 47. Qf3 Kh7 48. h5 Qf7 49. Re5 Kh8 50. Kg1 Kh7 51. g4 g6 52. hxg6+ Rxg6 53. Rxf5 Qe6 54. Rf7+ Kg8 55. Rf8+ Kg7 56. Rf5 Kh7 57. Kg2 Kg7 58. Kg3 Qd7 59. Qe4 Qc8 60. Qe5+ Kg8 61. f3 Qc1 62. Qd5+ Kh8 63. Rf8+ Kh7 64. Rf7+ 1-0

[Event "ESP-chT 2nd Division 2019"]
[Site "Linares"]
[Date "2019.08.20"]
[Round "3.27"]
[White "Sosa, Tomas"]
[Black "Carrasco Martinez, Juan M."]
[Result "1/2-1/2"]
[ECO "C03"]
[WhiteElo "2508"]
[BlackElo "2374"]
[Annotator "ChessBase"]
[PlyCount "95"]
[EventDate "2019.08.19"]
[EventType "team-tourn"]
[EventCountry "ESP"]
[SourceTitle "playchess.com"]
[Source "ChessBase"]
[SourceQuality "1"]
[TimeControl "5400+30"]

1. e4 e6 2. d4 d5 3. Nd2 a6 4. Ngf3 c5 5. c3 Nc6 6. Bd3 cxd4 7. cxd4 dxe4 8. Nxe4 Be7 9. O-O Nf6 10. a3 O-O 11. Ng3 b5 12. Bc2 Bb7 13. Qd3 Re8 14. Re1 Rc8 15. Bg5 g6 16. Rad1 Nd5 17. Bxe7 Qxe7 18. Bb1 Na5 19. Ne5 Nc4 20. Qb3 Nf6 21. Ne2 Bd5 22. Nf4 Nxe5 23. Nxd5 Nxd5 24. dxe5 Red8 25. g3 Nb6 26. h4 Rxd1 27. Qxd1 h5 28. Qd4 Qd8 29. Qf4 Kg7 30. Kh2 Rc4 31. Qf3 Rd4 32. b3 Rd2 33. Kg2 Nd5 34. Be4 Qe7 35. Rc1 Qxa3 36. Rc6 Qe7 37. Rxa6 Qc5 38. Bxd5 Qxd5 39. Rd6 Qxf3+ 40. Kxf3 Rb2 41. Rd3 g5 42. hxg5 Kg6 43. Rd7 Rxb3+ 44. Ke4 b4 45. Rb7 Rb1 46. Kf4 b3 47. f3 b2 48. Ke4 1/2-1/2

[Event "ESP-chT 2nd Division 2019"]
[Site "Linares"]
[Date "2019.08.20"]
[Round "3.28"]
[White "Figuero Toro, Julian Francisco"]
[Black "Garriga Cazorla, Pere"]
[Result "0-1"]
[ECO "A45"]
[WhiteElo "2268"]
[BlackElo "2495"]
[Annotator "ChessBase"]
[PlyCount "68"]
[EventDate "2019.08.19"]
[EventType "team-tourn"]
[EventCountry "ESP"]
[SourceTitle "playchess.com"]
[Source "ChessBase"]
[SourceQuality "1"]
[TimeControl "5400+30"]

1. d4 Nf6 2. Bf4 c5 3. e3 Nd5 4. Bg3 Qb6 5. b3 e6 6. c3 Qa5 7. Qd2 Nf6 8. Bd3 d5 9. Qc2 Nc6 10. Nf3 Nh5 11. Be5 cxd4 12. g4 Nf6 13. Bxf6 gxf6 14. exd4 h5 15. gxh5 e5 16. Be2 e4 17. Nfd2 Be6 18. b4 Qc7 19. Na3 Bh6 20. b5 Ne7 21. b6 axb6 22. Nb5 Qf4 23. O-O-O O-O 24. Kb2 Qxf2 25. Rde1 f5 26. Qd1 Kh8 27. Ref1 Qe3 28. Nb3 Rac8 29. Rhg1 Rg8 30. Re1 Qh3 31. Nc1 Bd7 32. Qb3 Rxg1 33. Rxg1 Qxh2 34. Rf1 Bxc1+ 0-1

[Event "ESP-chT 2nd Division 2019"]
[Site "Linares"]
[Date "2019.08.20"]
[Round "3.29"]
[White "Fernandez Diaz, Cristian"]
[Black "Gonzalez Cano, Juan Jose"]
[Result "1-0"]
[ECO "E32"]
[WhiteElo "2303"]
[BlackElo "2019"]
[Annotator "NA"]
[PlyCount "81"]
[EventDate "2019.08.19"]
[EventType "team-tourn"]
[EventCountry "ESP"]
[SourceTitle "playchess.com"]
[Source "ChessBase"]
[SourceQuality "1"]
[TimeControl "5400+30"]

1. d4 Nf6 2. c4 e6 3. Nc3 Bb4 4. Qc2 O-O 5. e4 d5 6. e5 Ne4 7. Bd3 c5 8. Nf3 cxd4 9. Nxd4 Nd7 10. Bf4 Qh4 11. g3 Qh5 12. Be2 Qg6 13. Qb3 Bxc3+ 14. bxc3 Nec5 15. Qb1 Qxb1+ 16. Rxb1 dxc4 17. Bxc4 Nb6 18. Be2 Nd5 19. Bd2 Rd8 20. c4 Nb6 21. Be3 Bd7 22. O-O Rac8 23. Rfc1 Rc7 24. Nb3 Nca4 25. Na5 Bc8 26. Rb5 Bd7 27. Rb4 Rdc8 28. Rbb1 f6 29. exf6 gxf6 30. Bf3 Bc6 31. Nxc6 bxc6 32. c5 Nd5 33. Bd2 Rd7 34. Rc4 Ndb6 35. cxb6 Nxb6 36. Rc2 c5 37. Be3 Rdc7 38. Rb5 Nd7 39. Bf4 e5 40. Bd2 Kf7 41. Ba5 1-0

[Event "ESP-chT 2nd Division 2019"]
[Site "Linares"]
[Date "2019.08.20"]
[Round "3.30"]
[White "Guillo Longares, Cecilia"]
[Black "Marti Puig, Patricia"]
[Result "1-0"]
[ECO "D35"]
[WhiteElo "1916"]
[BlackElo "1683"]
[Annotator "NA"]
[PlyCount "63"]
[EventDate "2019.08.19"]
[EventType "team-tourn"]
[EventCountry "ESP"]
[SourceTitle "playchess.com"]
[Source "ChessBase"]
[SourceQuality "1"]
[TimeControl "5400+30"]

1. d4 e6 2. c4 d5 3. Nc3 Nf6 4. cxd5 exd5 5. Bg5 Be7 6. e3 Nbd7 7. Bd3 h6 8. Bh4 b6 9. Nf3 O-O 10. O-O Bb7 11. Rc1 Ne4 12. Bxe7 Qxe7 13. Bb1 Rac8 14. Qd3 c5 15. dxc5 Ndxc5 16. Qc2 Rfd8 17. Rfd1 Qe6 18. Nd4 Qe5 19. a3 g6 20. Qe2 Nxc3 21. Rxc3 Ne4 22. Rxc8 Rxc8 23. Ba2 h5 24. h3 Kg7 25. Nf3 Qf5 26. Qd3 Rc5 27. Qe2 Qc8 28. Ne1 Rc1 29. Bxd5 Rxd1 30. Qxd1 Qd8 31. Qd4+ Kh6 32. Bxb7 1-0

[Event "ESP-chT 2nd Division 2019"]
[Site "Linares"]
[Date "2019.08.20"]
[Round "3.31"]
[White "Perez Perez, Gabriel"]
[Black "Portela Peleteiro, Alberto"]
[Result "0-1"]
[ECO "B07"]
[WhiteElo "2105"]
[BlackElo "2375"]
[Annotator "NA"]
[PlyCount "80"]
[EventDate "2019.08.19"]
[EventType "team-tourn"]
[EventCountry "ESP"]
[SourceTitle "playchess.com"]
[Source "ChessBase"]
[SourceQuality "1"]
[TimeControl "5400+30"]

1. e4 d6 2. d4 Nf6 3. Nc3 e5 4. dxe5 dxe5 5. Qxd8+ Kxd8 6. Bg5 Be6 7. g3 Bb4 8. O-O-O+ Ke8 9. Bxf6 gxf6 10. Nd5 Bxd5 11. exd5 Nd7 12. Bg2 Bc5 13. Rd2 Nf8 14. Be4 Ng6 15. Nf3 h5 16. Rhd1 Kf8 17. Re2 Kg7 18. c3 a5 19. a4 Rad8 20. Kc2 h4 21. Bxg6 fxg6 22. Nxh4 g5 23. Nf3 Rh3 24. Red2 g4 25. Nh4 Rxh2 26. f3 Rxd2+ 27. Rxd2 gxf3 28. Nxf3 Kg6 29. c4 Kf5 30. Rh2 Kg4 31. Nd2 Kxg3 32. Rh7 f5 33. Rxc7 b6 34. Kd3 e4+ 35. Ke2 Rh8 36. Nf1+ Kf4 37. Rc6 Rg8 38. b3 Rg2+ 39. Kd1 e3 40. Re6 Rf2 0-1

[Event "ESP-chT 2nd Division 2019"]
[Site "Linares"]
[Date "2019.08.20"]
[Round "3.32"]
[White "Veiga, Jose Francisco R P N"]
[Black "Rodriguez Redondo, Adhara"]
[Result "1-0"]
[ECO "A14"]
[WhiteElo "2346"]
[BlackElo "2013"]
[Annotator "NA"]
[PlyCount "59"]
[EventDate "2019.08.19"]
[EventType "team-tourn"]
[EventCountry "ESP"]
[SourceTitle "playchess.com"]
[Source "ChessBase"]
[SourceQuality "1"]
[TimeControl "5400+30"]

1. Nf3 d5 2. c4 e6 3. g3 Nf6 4. Bg2 Be7 5. O-O O-O 6. b3 b6 7. Bb2 Bb7 8. e3 Nbd7 9. Nc3 Nc5 10. d4 Nce4 11. Ne2 c5 12. cxd5 Bxd5 13. Ne5 cxd4 14. Nxd4 Rc8 15. f3 Nc5 16. e4 Bb7 17. Rc1 Qd6 18. Nc4 Qb8 19. b4 Ncd7 20. Qb3 b5 21. Na5 e5 22. Ndc6 Bxc6 23. Nxc6 Qb6+ 24. Bd4 Qxc6 25. Rxc6 Rxc6 26. Bxa7 Rfc8 27. Rd1 Rc3 28. Qb2 Nf8 29. Kh1 Ne6 30. Bc5 1-0

[Event "ESP-chT 2nd Division 2019"]
[Site "Linares"]
[Date "2019.08.20"]
[Round "3.33"]
[White "Guillermo Gonzalez, Alvaro"]
[Black "Garcia Castro, Pablo"]
[Result "0-1"]
[ECO "C41"]
[WhiteElo "1992"]
[BlackElo "2327"]
[Annotator "NA"]
[PlyCount "66"]
[EventDate "2019.08.19"]
[EventType "team-tourn"]
[EventCountry "ESP"]
[SourceTitle "playchess.com"]
[Source "ChessBase"]
[SourceQuality "1"]
[TimeControl "5400+30"]

1. e4 e5 2. Nf3 d6 3. d4 exd4 4. Nxd4 Nf6 5. Nc3 Be7 6. Bf4 O-O 7. Qd2 a6 8. O-O-O b5 9. f3 c5 10. Nf5 Bxf5 11. exf5 Nc6 12. g4 Qa5 13. Kb1 Rfd8 14. g5 Nh5 15. Bh3 Bf8 16. Bg4 Nxf4 17. Qxf4 d5 18. Rxd5 b4 19. Rxd8 Rxd8 20. Ne2 Qb5 21. Nc1 c4 22. Re1 c3 23. b3 Nd4 24. Qe4 Qa5 25. a4 bxa3 26. Ka2 Nxc2 27. Qxc2 Rd2 28. Re2 Rxc2+ 29. Rxc2 Qd5 30. f4 Bb4 31. h3 a5 32. Ka1 Qd4 33. Ka2 Qxf4 0-1

[Event "ESP-chT 2nd Division 2019"]
[Site "Linares"]
[Date "2019.08.20"]
[Round "3.34"]
[White "Garcia Sobrino, David"]
[Black "Alvarez Alonso, Alberto"]
[Result "0-1"]
[ECO "B11"]
[WhiteElo "2195"]
[BlackElo "1986"]
[Annotator "NA"]
[PlyCount "99"]
[EventDate "2019.08.19"]
[EventType "team-tourn"]
[EventCountry "ESP"]
[SourceTitle "playchess.com"]
[Source "ChessBase"]
[SourceQuality "1"]
[TimeControl "5400+30"]

1. e4 c6 2. Nc3 d5 3. Nf3 Bg4 4. d4 dxe4 5. Nxe4 Bxf3 6. Qxf3 Qxd4 7. Be3 Qxb2 8. Bc4 Nf6 9. O-O Nbd7 10. Rfd1 Ne5 11. Qf5 g6 12. Nxf6+ exf6 13. Qxf6 Bg7 14. Qh4 O-O 15. Rab1 Qxc2 16. Rdc1 Qf5 17. Rxb7 Nxc4 18. Qxc4 a5 19. Qxc6 a4 20. h3 a3 21. Rd1 Rad8 22. Qa4 Rxd1+ 23. Qxd1 Re8 24. Qa4 Rd8 25. Qb3 Bb2 26. g3 Kg7 27. Kh2 Qd5 28. Qxd5 Rxd5 29. Rb3 Kf6 30. Kg2 Ke6 31. Kf3 h5 32. Ke2 Kf5 33. Rb4 Ke6 34. Re4+ Kf5 35. Re7 Kf6 36. Ra7 Ke6 37. Bd2 Rd4 38. Be3 Rd5 39. h4 f6 40. Ra6+ Kf5 41. Ra4 g5 42. hxg5 fxg5 43. Kf3 g4+ 44. Ke2 Ke6 45. Ra6+ Kf5 46. f3 Be5 47. Rh6 gxf3+ 48. Kxf3 Rb5 49. Rxh5+ Ke6 50. Bf4 0-1

[Event "ESP-chT 2nd Division 2019"]
[Site "Linares"]
[Date "2019.08.20"]
[Round "3.35"]
[White "Gil Ojeda, Jorge"]
[Black "Lorenzo Serrano, Henar"]
[Result "0-1"]
[ECO "B01"]
[WhiteElo "1960"]
[BlackElo "1719"]
[Annotator "NA"]
[PlyCount "132"]
[EventDate "2019.08.19"]
[EventType "team-tourn"]
[EventCountry "ESP"]
[SourceTitle "playchess.com"]
[Source "ChessBase"]
[SourceQuality "1"]
[TimeControl "5400+30"]

1. e4 d5 2. exd5 Nf6 3. Bb5+ Bd7 4. Bc4 Bg4 5. f3 Bh5 6. Nc3 Nbd7 7. g4 Bg6 8. d4 a6 9. Nge2 Nb6 10. Bb3 Nfxd5 11. Nxd5 Nxd5 12. Nf4 e6 13. O-O Nxf4 14. Bxf4 Bd6 15. Qd2 O-O 16. Rad1 Re8 17. Rfe1 Qf6 18. Bxd6 cxd6 19. Kg2 h5 20. Qb4 hxg4 21. fxg4 Qf4 22. Qc3 Be4+ 23. Kg1 Bf3 24. Rd2 Qxg4+ 25. Kf1 d5 26. Rf2 Be4 27. Qc7 Qh3+ 28. Ke2 Qh5+ 29. Kd2 Qg5+ 30. Kd1 Re7 31. Qd6 Rc8 32. Ref1 Qh5+ 33. Kc1 Rec7 34. c3 Qg5+ 35. Kd1 Qe3 36. Qg3 Qxg3 37. hxg3 b5 38. a3 a5 39. Bc2 Bxc2+ 40. Kxc2 b4 41. axb4 axb4 42. Rf3 bxc3 43. bxc3 Ra8 44. Kd3 Ra3 45. Kc2 f6 46. Re1 Kf7 47. Rfe3 Rc6 48. Kb2 Raa6 49. Kb3 Rcb6+ 50. Kc2 Ra2+ 51. Kd3 Rbb2 52. Rd1 Ke7 53. Ree1 Rg2 54. Re3 Kd6 55. Ree1 Rxg3+ 56. Re3 Rgg2 57. Ree1 e5 58. Rg1 e4+ 59. Ke3 Rae2+ 60. Kf4 Rgf2+ 61. Kg3 Rf3+ 62. Kh4 g5+ 63. Kg4 Rxc3 64. Rdf1 Ke6 65. Rf5 Ree3 66. Rgf1 Rf3 0-1